 Dungeon Crawl Stone Soup version 0.29.1-12-g30fa7ad0bf (webtiles) character file.

Game seed: 14080205661317426379

1509 EarthwalkerPL the Shield-Bearer (level 9, 0/71 HPs)
             Began as a Formicid Fighter on Dec 24, 2022.
             Succumbed to a hornet's poison
             ... on level 7 of the Dungeon.
             The game lasted 00:25:45 (7059 turns).

EarthwalkerPL the Shield-Bearer (Formicid Fighter)  Turns: 7059, Time: 00:25:45

Health: 0/71       AC: 12    Str: 29 (31) XL:     9   Next: 9%
Magic:  4/9        EV:  8    Int:  5 (8)  God:
Gold:   273        SH:  5    Dex: 10 (13) Spells: 8/8 levels left

rFire   . . .      SeeInvis +   a - +0 war axe
rCold   . . .      Faith    .   c - +0 buckler
rNeg    . . .      Spirit   +   w - +0 plate armour
rPois   .          Reflect  .   (helmet unavailable)
rElec   .          Harm     .   (no cloak)
rCorr   .          Rampage  .   (no gloves)
Will    +....                   (no boots)
Stlth   ..........              K - amulet of guardian spirit
HPRegen 0.21/turn               s - +6 ring of strength
MPRegen 0.11/turn               B - ring of willpower

@: lethally poisoned (0 -> -29), studying Poison Magic
A: permanent stasis, dig shafts and tunnels, antennae 3, four strong arms
a: Dig, Shaft Self


You were on level 7 of the Dungeon.
You visited 1 branch of the dungeon, and saw 7 of its levels.
You also visited: Ossuary.

You collected 273 gold pieces.

Inventory:

Hand Weapons
 a - a +0 war axe (weapon)
Missiles
 k - 3 javelins
 x - a curare-tipped dart
 y - 4 boomerangs (quivered)
Armour
 b - a +0 scale mail
 c - a +0 buckler (worn)
 w - a +0 plate armour (worn)
Jewellery
 s - a +6 ring of strength (left hand)
 B - a ring of willpower (right hand)
 K - an amulet of guardian spirit (around neck)
Scrolls
 e - a scroll of identify
 f - 4 scrolls of enchant armour
 j - 4 scrolls of fear {unknown}
 n - 4 scrolls of teleportation {unknown}
 o - 2 scrolls of torment
 p - 2 scrolls of noise
 q - 4 scrolls of magic mapping
 r - a scroll of immolation {unknown}
 v - 4 scrolls of blinking {unknown}
 F - a scroll of amnesia {unknown}
 G - a scroll of vulnerability {unknown}
 H - a scroll of poison {unknown}
 I - 2 scrolls of fog {unknown}
 L - 2 scrolls of enchant weapon {unknown}
Potions
 d - 2 potions of might
 g - 2 potions of cancellation {unknown}
 h - 2 potions of lignification {unknown}
 i - 3 potions of degeneration
 l - 4 potions of curing {unknown}
 m - a potion of mutation {unknown}
 t - 4 potions of attraction {unknown}
 u - a potion of magic {unknown}
 z - a potion of haste {unknown}
 A - a potion of heal wounds {unknown}
 C - a potion of resistance {unknown}
 D - 3 potions of flight {unknown}
 E - a potion of berserk rage {unknown}
 J - 2 potions of ambrosia {unknown}


   Skills:
 * Level 6.4 Fighting
 * Level 5.3 Axes
 * Level 6.4 Armour
 + Level 2.8 Dodging
 * Level 7.7 Shields


You had 8 spell levels left.
You didn't know any spells.
Your spell library contained the following spells:

 Spells                   Type           Power      Damage    Failure   Level
 Frozen Ramparts          Ice            0%         1d1       100%        3
 Ice Form                 Ice/Tmut       0%         N/A       100%        4
 Summon Ice Beast         Ice/Summ       0%         N/A       100%        4


Dungeon Overview and Level Annotations

Branches:
Dungeon (7/15)            Ossuary (visited)
 Temple: D:4-7

Altars:
Cheibriados
Makhleb
Nemelex Xobeh
Vehumet

Shops:
D:6 *


Innate Abilities, Weirdness & Mutations

You cannot be hasted, slowed, berserked, paralysed or teleported.
You can dig through walls and to a lower floor.
You have a pair of large antennae on your head. (SInv)
Your four strong arms can wield two-handed weapons with a shield.


Message History

Your stasis prevents you from being paralysed.
You block the hornet's attack.
You barely miss the hornet.
The hornet is moderately wounded.
You feel very sick. You block the hornet's attack.
The hornet barely misses you.
You closely miss the hornet.
The hornet is moderately wounded.
You feel sick.
The hornet stings you but does no damage.
The hornet stings you.
You are more poisoned.
Your stasis prevents you from being slowed.
You slash the hornet!
The hornet is heavily wounded.
You feel very sick.
The hornet stings you but does no damage.
The hornet stings you.
You are lethally poisoned!
Your stasis prevents you from being slowed.
You miss the hornet.
The hornet is heavily wounded.
* * * LOW HITPOINT WARNING * * *
You feel extremely sick. The hornet stings you.
* * * LOW HITPOINT WARNING * * *
Your stasis prevents you from being slowed.
You barely miss the hornet.
The hornet is heavily wounded.
* * * LOW HITPOINT WARNING * * *
You feel very sick. The hornet stings you!
* * * LOW HITPOINT WARNING * * *
You are more poisoned.
Your stasis prevents you from being slowed.
The hornet misses you.
It was a potion of degeneration.
There was something very wrong with that liquid.
You feel weakened.
You feel dopey.
You feel clumsy.
You die...

#.# ... ... .. ...
#.##.#
...#####....#
.........####
...........#
##......#.#####.#
#.....y........#
#.....@........#
#......#.#####.#
####.)..........
#.#.#.#####.#
#####.#.#.#
..........#####.#
#####.#..........
#######.#..######.#
...........######


You could see a hornet.

Vanquished Creatures
  A wraith (Ossuary)
  A steam dragon (D:6)
  Edmund (D:4)
  A black bear (D:5)
  A sky beast (D:6)
  An ogre (D:5)
  A centaur (D:7)
  A phantom (D:5)
  A kobold brigand (D:3)
  A scorpion (D:6)
  2 jellies
  A howler monkey (D:6)
  A human zombie (Ossuary)
  An orc priest (D:3)
  2 hounds (D:5)
  Jessica (D:3)
  2 iguanas (D:5)
  3 mummies (Ossuary)
  6 gnolls
  6 adders
  A shadow imp (D:6)
  A white imp (D:6)
  4 ufetubi
  2 worms
  2 dart slugs
  9 orcs
  A ball python (D:4)
  4 bats
  5 endoplasms
  3 giant cockroaches
  A gnoll zombie (Ossuary)
  5 goblins
  A hobgoblin (D:3)
  2 jackals (D:4)
  5 quokkas
  3 frilled lizards
  4 goblin zombies (Ossuary)
  4 hobgoblin zombies (Ossuary)
  10 kobolds
  3 kobold zombies (Ossuary)
  An orc zombie (Ossuary)
  4 rats
110 creatures vanquished.

Notes
Turn   | Place    | Note
-------+----------+-------------------------------------------
     0 | D:1      | EarthwalkerPL the Formicid Fighter began the quest for the
                  | Orb.
     0 | D:1      | Reached XP level 1. HP: 18/18 MP: 1/1
   283 | D:1      | Reached XP level 2. HP: 24/24 MP: 2/2
   964 | D:2      | Reached XP level 3. HP: 29/29 MP: 3/3
  1237 | D:3      | Noticed Jessica
  1245 | D:3      | Killed Jessica
  1246 | D:3      | Reached XP level 4. HP: 35/37 MP: 4/4
  1317 | D:3      | Noticed a kobold brigand
  1675 | D:3      | Reached skill level 5 in Shields
  1675 | D:3      | Reached XP level 5. HP: 3/42 MP: 5/5
  2060 | D:3      | Killed a kobold brigand
  2061 | D:3      | Reached skill level 1 in Dodging
  2201 | D:3      | Reached XP level 6. HP: 48/48 MP: 6/6
  2322 | D:3      | Found a snail-covered altar of Cheibriados.
  2326 | D:3      | Found a burning altar of Makhleb.
  2598 | D:4      | Noticed Edmund
  2701 | D:4      | Identified the +4 short sword of the Coin {vorpal, Str+4
                  | Int-4}
  2915 | D:4      | Found a sand-covered staircase.
  2923 | Ossuary  | Entered an ossuary
  2923 | Ossuary  | Noticed a wraith
  2923 | Ossuary  | Noticed a wraith
  2923 | Ossuary  | Noticed a wraith
  3163 | Ossuary  | Noticed a wraith
  3180 | Ossuary  | Killed a wraith
  3181 | Ossuary  | Reached XP level 7. HP: 8/55 MP: 7/7
  3764 | Ossuary  | Reached skill level 6 in Shields
  3882 | Ossuary  | Reached skill level 5 in Fighting
  4222 | D:4      | Killed Edmund
  4223 | D:4      | Reached skill level 5 in Armour
  4421 | D:5      | Entered Level 5 of the Dungeon
  4722 | D:5      | Reached XP level 8. HP: 41/63 MP: 8/8
  5101 | D:5      | Reached skill level 7 in Shields
  5491 | D:6      | HP: 3/64 [steam dragon/ball of steam (14)]
  5930 | D:6      | Reached skill level 5 in Axes
  6083 | D:6      | Identified a scroll of acquirement
  6095 | D:6      | Acquired a manual of Poison Magic
  6151 | D:6      | Reached XP level 9. HP: 65/69 MP: 9/9
  6188 | D:6      | Found a radiant altar of Vehumet.
  6247 | D:6      | Found Malineotz's General Store.
  6553 | D:6      | Found a sparkling altar of Nemelex Xobeh.
  7046 | D:7      | Noticed a hornet
  7059 | D:7      | Succumbed to a hornet's poison

Illustrated notes

Levels and vault maps discovered:
D:1:      minmay_arrival_three_doors, layout_basic, minmay_statues_item
D:2:      layout_basic
D:3:      layout_basic, grunt_temple_overflow_open, st_stairs_12,
          hangedman_decor_clover_reticule, nrook_loot_triangle,
          hangedman_abyss_or_decor_stabs, amethyst_killhole,
          ebering_dispersal_statue_hall, minmay_surrounded, uniq_jessica
D:4:      layout_gridville, nicolae_ossuary_entry_ruins, minmay_misc_feat_cross,
          minivault_1, uniq_edmund
D:5:      layout_basic
D:6:      layout_rooms, nicolae_vehumet_radiance, mainiacjoe_overflow_alcove_4,
          serial_shops, kennysheep_mini, serial_glass, glass_columns_a,
          glass_columns_a
D:7:      layout_basic, minmay_temple_entry_poolview, kennysheep_generic_room_15

Skill      XL: |  1  2  3  4  5  6  7  8 |
---------------+-------------------------+-----
Fighting       | 4 5 6 |  6.4
Shields        | 5 6 7 |  7.7
Axes           | 3 4 5 |  5.3
Armour         | 4 5 6 |  6.4
Dodging        | 1 2 |  2.8

Action                   |  1- 3 |  4- 6 |  7- 9 || total
-------------------------+-------+-------+-------++-------
Melee: War axe           |    64 |   163 |   176 ||   403
Throw: Boomerang         |       |     3 |     6 ||     9
 Abil: Dig               |     1 |     1 |     2 ||     4
  Use: Scroll            |       |       |     6 ||     6
       Potion            |       |       |     1 ||     1
Armor: Scale mail        |    35 |    10 |       ||    45
       Plate armour      |       |    81 |    99 ||   180
Dodge: Dodged            |    34 |    76 |    58 ||   168
Block: Buckler           |    24 |    55 |    51 ||   130
